 Dungeon Crawl Stone Soup version 0.22-a0-351-g29664b4 (webtiles) character file.

9382 aspa the Thaumaturge (level 11, -5/61 HPs)
             Began as an Octopode Wizard on Apr 12, 2018.
             Was a High Priest of Vehumet.
             Slain by a seven-headed hydra (6 damage)
             ... on level 11 of the Dungeon on Apr 13, 2018.
             The game lasted 00:55:24 (14101 turns).

aspa the Thaumaturge (Octopode Wizard)             Turns: 14101, Time: 00:55:25

Health: -5/61      AC:  1    Str:  6    XL:     11   Next: 45%
Magic:  17/29      EV: 13    Int: 24    God:    Vehumet [*****.]
Gold:   299        SH:  5    Dex: 11    Spells: 15/39 levels left

rFire    + . .     SeeInvis +   a - +2 dagger (protect)
rCold    . . .     Gourm    .   v - +1 buckler
rNeg     . . .     Faith    .   h - +0 hat
rPois    .         Spirit   .   (no amulet)
rElec    .         Reflect  .   m - ring of protection from magic
rCorr    .         Harm     .   x - ring of see invisible
MR       +....                  A - ring of stealth
Stlth    ++++......             B - ring of protection from fire
HPRegen  0.20/turn              (no ring)
MPRegen  0.21/turn              (no ring)
                                (no ring)
                                (no ring)

@: no status effects
A: almost no armour, stealthy swim, amphibious, 8 rings, constrict 8, camouflage
1, gelatinous body 1
a: Renounce Religion


You were on level 11 of the Dungeon.
You worshipped Vehumet.
Vehumet was extremely pleased with you.
You were not hungry.

You visited 2 branches of the dungeon, and saw 12 of its levels.
You also visited: Ossuary.

You collected 459 gold pieces.
You spent 160 gold pieces at shops.

Inventory:

Hand Weapons
 a - a +2 dagger of protection (weapon)
 f - a -1 spear
 o - a +0 dagger of venom
 F - a +0 flail of holy wrath
 J - a +2 whip of freezing
Armour
 h - a +0 hat (worn)
 v - a +1 buckler (worn)
Jewellery
 j - an uncursed amulet of harm
 m - a ring of protection from magic (left tentacle)
 x - a ring of see invisible (right tentacle)
 A - a ring of stealth (on tentacle)
 B - a ring of protection from fire (on tentacle)
 D - an uncursed amulet of guardian spirit
 K - a -3 ring of protection
Wands
 I - a wand of polymorph (11)
Scrolls
 b - 8 scrolls of remove curse
 e - 3 scrolls of random uselessness
 g - 3 scrolls of amnesia
 i - a scroll of noise
 n - 10 scrolls of identify
 p - 2 scrolls of teleportation
 q - a scroll of holy word
 s - a scroll of enchant weapon
 y - a scroll of blinking
 G - a scroll of fear
 H - a scroll of fog
Potions
 d - a potion of lignification
 k - a potion of cancellation {unknown}
 l - 2 potions of magic {unknown}
 t - a potion of ambrosia {unknown}
 u - 2 potions of might
Comestibles
 c - 25 rations


   Skills:
 - Level 2.0 Dodging
 - Level 2.6 Stealth
 - Level 4.0 Shields
 + Level 14.5 Spellcasting
 - Level 3.0 Conjurations
 - Level 1.0 Summonings
 - Level 1.0 Translocations
 - Level 4.2 Fire Magic


You had 15 spell levels left.
You knew the following spells:

 Your Spells              Type           Power        Failure   Level  Hunger
a - Magic Dart            Conj           ####         1%          1    None
b - Call Imp              Summ           ###.....     3%          2    None
c - Mephitic Cloud        Conj/Pois/Air  ###.....     1%          3    None
d - Blink                 Tloc           N/A          3%          2    None
f - Conjure Flame         Conj/Fire      ####....     1%          3    None
g - Dazzling Spray        Conj/Hex       ###...       1%          3    None
h - Stone Arrow           Conj/Erth      ###...       1%          3    None
i - Fireball              Conj/Fire      ####......   5%          5    ##.....
j - Throw Flame           Conj/Fire      ####..       1%          2    None


Dungeon Overview and Level Annotations

Branches:
Dungeon (11/15)            Temple (1/1) D:5            Lair (0/6) D:9
    Orc (0/2) D:9

Altars:
Ashenzari
Cheibriados
Dithmenos
Elyvilon
Fedhas
Gozag
Hepliaklqana
Kikubaaqudgha
Makhleb
Nemelex Xobeh
Okawaru
Qazlal
Ru
Sif Muna
Trog
Uskayaw
Vehumet
Wu Jian
Xom
Yredelemnul
Zin
The Shining One

Shops:
D:4 [   D:9 *

Annotations:
D:11 Erica


Innate Abilities, Weirdness & Mutations

You cannot wear most types of armour.
You are very stealthy in the water. (Stealth+)
You are amphibious.
You can wear up to eight rings at the same time.
You can use your tentacles to constrict eight enemies at once.
Your skin changes colour to match your surroundings (Stealth+).
Your rubbery body absorbs attacks. (AC +1, EV +1)


Message History

Your crimson imp closely misses the hound.
Casting: Blink (safe; 3% risk of failure)
Confirm with . or Enter, or press ? or * to list all spells.
You blink.
The hound bites you.
* * * LOW HITPOINT WARNING * * *
Your white imp gestures at the hound.
The puff of frost hits the hound.
The hound dies!
Vehumet accepts your kill.
Your crimson imp hits the seven-headed hydra.
Casting: Blink (safe; 3% risk of failure)
Confirm with . or Enter, or press ? or * to list all spells.
You blink.
The ice beast hits your white imp. The ice beast freezes your white imp.
Your white imp resists.
Your crimson imp hits the seven-headed hydra.
The seven-headed hydra bites you!
* * * LOW HITPOINT WARNING * * *
The seven-headed hydra bites you.
You die...

####### .......
##....... ########
......... #......#
.........
#......##### .....#.
#......#.... #T..##
#........# ## ##.##
#...@.W### ####..##
# .#
.#..x.D§..###.......
.#.#
........5...5YZ.#
#.###. ##.#
..........#####H#
..... ..⌠.. ..
####......# #.##..#
##c## #..## #$######
#Y....# .#.#
#..###.# ######o#.#
# #.###.##..#
#..oo.o..# ##?
#......>.#
###..WZ.......#


You could see a seven-headed hydra, an unseen horror (confused), a phantom, an
ice beast, a hound skeleton, a friendly crimson imp and a friendly white imp.

Vanquished Creatures
  A two-headed ogre (D:9)
  An unseen horror (D:11)
  Pikel (D:9)
  The ghost of vishdafish the Skirmisher, a novice DsSk of Qazlal (D:5)
  2 trolls
  6 yaks (D:10)
  Grum (D:9)
  Duvessa (D:5)
  The ghost of TheNamelessOne the Conjurer, an amateur TeCj (D:3)
  A water moccasin (D:10)
  3 sky beasts
  2 hornet zombies (D:9)
  2 orc warriors
  3 ice beasts
  4 porcupines (D:9)
  A slave (D:9)
  2 black bears (D:9)
  7 ogres
  9 centaurs
  A phantom (D:8)
  5 wolves (D:9)
  5 crocodiles (D:9)
  2 bullfrogs (D:6)
  Dowan (D:5)
  2 wyvern skeletons
  4 scorpions
  3 wights (D:8)
  9 killer bees
  3 jellies
  2 howler monkeys
  4 bullfrog zombies
  2 hounds
  A quasit (D:6)
  4 crimson imps
  3 bullfrog skeletons
  3 orc priests
  6 orc wizards
  2 iguanas
  2 worker ants
  3 big kobold zombies (Ossuary)
  A mummy (Ossuary)
  A worker ant zombie (D:7)
  10 adders
  3 shadow imps
  An ooze (D:6)
  4 adder skeletons
  2 worms
  2 dart slugs (D:2)
  3 leopard geckos
  21 orcs
  4 spectral bats (Ossuary)
  12 giant cockroaches
  6 goblins
  5 hobgoblins
  7 jackals
  6 kobolds
  A quokka (D:4)
  2 ball pythons
  8 bats
  A bat simulacrum (Ossuary)
  2 frilled lizards (D:2)
  9 gnoll zombies (Ossuary)
  A goblin simulacrum (Ossuary)
  7 goblin zombies
  3 hobgoblin zombies (Ossuary)
  A jackal zombie (D:5)
  2 kobold simulacra (Ossuary)
  6 kobold zombies (Ossuary)
  A leopard gecko skeleton (D:8)
  3 orc zombies (Ossuary)
  A quokka zombie (D:7)
  5 rats
  6 rat simulacra (Ossuary)
  8 spectral goblins (Ossuary)
  3 spectral kobolds (Ossuary)
  2 spectral rats (Ossuary)
276 creatures vanquished.

Vanquished Creatures (collateral kills)
  A killer bee (D:7)
  A crimson imp (D:8)
  A hound (D:11)
  2 orcs
  A jackal (D:11)
6 creatures vanquished.

Vanquished Creatures (others)
  2 slaves (D:9)
  5 fungi (D:9)
  14 plants (D:9)
21 creatures vanquished.

Grand Total: 303 creatures vanquished

Notes
Turn   | Place    | Note
-------+----------+-------------------------------------------
     0 | D:1      | aspa the Octopode Wizard began the quest for the Orb.
     0 | D:1      | Reached XP level 1. HP: 11/11 MP: 4/4
   692 | D:2      | Reached XP level 2. HP: 17/17 MP: 4/6
   704 | D:1      | Learned a level 2 spell: Call Imp
  1039 | D:2      | Reached XP level 3. HP: 19/21 MP: 4/8
  1044 | D:2      | Learned a level 3 spell: Mephitic Cloud
  1047 | D:2      | Learned a level 2 spell: Blink
  1401 | D:2      | Reached skill level 4 in Spellcasting
  1456 | D:2      | Learned a level 2 spell: Slow
  1635 | D:2      | Reached XP level 4. HP: 27/27 MP: 5/10
  1685 | D:2      | Upgraded the game from 0.22-a0-348-gd16d139 to 0.22-a0-351-g29664b4
  2329 | D:3      | Noticed TheNamelessOne's ghost (amateur TeCj)
  2747 | D:4      | Found a shadowy altar of Dithmenos.
  2787 | D:5      | Entered Level 5 of the Dungeon
  2945 | D:4      | Reached XP level 5. HP: 31/31 MP: 6/11
  3031 | D:4      | Noticed an ogre
  3044 | D:4      | Killed an ogre
  3044 | D:4      | Reached skill level 5 in Spellcasting
  3137 | D:4      | Learned a level 3 spell: Conjure Flame
  3141 | D:4      | Found a radiant altar of Vehumet.
  3149 | D:4      | Became a worshipper of Vehumet
  3663 | D:4      | Found Ahat's Antique Armour Emporium.
  4035 | D:5      | Noticed Dowan
  4064 | D:5      | Noticed a centaur
  4071 | D:5      | Noticed a centaur
  4078 | D:5      | Noticed vishdafish's ghost (novice DsSk)
  4081 | D:5      | Killed a centaur
  4081 | D:5      | Reached XP level 6. HP: 21/36 MP: 2/14
  4297 | D:5      | Reached skill level 6 in Spellcasting
  4399 | D:5      | Found a staircase to the Ecumenical Temple.
  4706 | D:5      | Reached XP level 7. HP: 35/41 MP: 8/16
  4821 | D:6      | Reached skill level 7 in Spellcasting
  4890 | D:5      | Reached * piety under Vehumet
  4890 | D:5      | Offered knowledge of Sandblast by Vehumet.
  5158 | D:5      | Killed vishdafish's ghost
  5158 | D:5      | Reached skill level 1 in Shields
  5158 | D:5      | Reached skill level 8 in Spellcasting
  5158 | D:5      | Reached XP level 8. HP: 45/46 MP: 6/20
  5709 | D:5      | Noticed Duvessa
  5730 | D:5      | Killed Duvessa
  5742 | D:5      | Killed Dowan
  5972 | D:3      | Killed TheNamelessOne's ghost
  5972 | D:3      | Reached skill level 9 in Spellcasting
  6168 | Temple   | Entered the Ecumenical Temple
  6789 | D:7      | Found a sand-covered staircase.
  6796 | Ossuary  | Entered an ossuary
  6964 | Ossuary  | Reached ** piety under Vehumet
  6964 | Ossuary  | Offered knowledge of Throw Flame by Vehumet.
  6968 | Ossuary  | Learned a level 2 spell: Throw Flame
  7143 | Ossuary  | Offered knowledge of Stone Arrow by Vehumet.
  7150 | Ossuary  | Learned a level 3 spell: Stone Arrow
  7272 | Ossuary  | Reached *** piety under Vehumet
  7272 | Ossuary  | Reached XP level 9. HP: 33/51 MP: 1/22
  7966 | D:6      | Reached skill level 10 in Spellcasting
  8405 | D:6      | Offered knowledge of Fulminant Prism by Vehumet.
  8412 | D:6      | Learned a level 5 spell: Fireball
  9205 | D:7      | Reached skill level 1 in Fire Magic
  9662 | D:7      | Reached skill level 11 in Spellcasting
  9997 | D:8      | Found an ornate altar of the Wu Jian Council.
 10127 | D:8      | Reached **** piety under Vehumet
 10249 | D:8      | Reached XP level 10. HP: 56/56 MP: 16/25
 10372 | D:8      | Offered knowledge of Dazzling Spray by Vehumet.
 10377 | D:8      | Learned a level 3 spell: Dazzling Spray
 10432 | D:8      | Found a burning altar of Makhleb.
 10919 | D:8      | You fall through a shaft!
 10919 | D:9      | Found a blossoming altar of Fedhas.
 10919 | D:9      | Found a white marble altar of Elyvilon.
 10920 | D:9      | Found a shattered altar of Ashenzari.
 10990 | D:9      | Noticed a two-headed ogre
 11055 | D:9      | Reached skill level 12 in Spellcasting
 11394 | D:9      | Killed a two-headed ogre
 11995 | D:9      | Noticed Pikel
 12034 | D:9      | Killed Pikel
 12034 | D:9      | Reached skill level 13 in Spellcasting
 12521 | D:9      | Found a staircase to the Lair.
 12545 | D:9      | Reached XP level 11. HP: 61/61 MP: 1/28
 12702 | D:9      | Found a staircase to the Orcish Mines.
 12730 | D:9      | Found Syraug's Assorted Antiques.
 12741 | D:9      | Bought a steel ring for 160 gold pieces
 12789 | D:9      | Found a deep blue altar of Sif Muna.
 12791 | D:9      | Found a hazy altar of Hepliaklqana.
 12812 | D:9      | Noticed Grum
 12824 | D:9      | Killed Grum
 13051 | D:10     | Entered Level 10 of the Dungeon
 13370 | D:10     | Reached skill level 14 in Spellcasting
 13621 | D:11     | Noticed Erica
 13666 | D:11     | Reached ***** piety under Vehumet
 13818 | D:11     | Noticed an unseen horror
 13825 | D:11     | Killed an unseen horror
 13846 | D:11     | Noticed a cyclops
 13861 | D:10     | Offered knowledge of Bolt of Cold by Vehumet.
 14091 | D:11     | Noticed an unseen horror
 14097 | D:11     | Noticed a seven-headed hydra
 14101 | D:11     | HP: 1/61 [seven-headed hydra (11)]
 14101 | D:11     | Slain by a seven-headed hydra

Vault maps used:
D:1:      dpeg_arrival_tiny_a
D:2:      minmay_roachtagon
D:4:      nicolae_overflow_crystal_walls, serial_shops,
          nicolae_shop_window_shopping, nicolae_dithmenos_through_a_glass_darkly
D:5:      minmay_temple_entry_poolview, first_ration, uniq_duvessa
D:6:      nicolae_sextant, hangedman_decor_riveting, minivault_5
D:7:      enter_ossuary_4, grunt_ogre_cave, dk_noncrumbling_4
D:8:      lemuel_round_altar, lemuel_doored_altar
D:9:      minitemple, grunt_temple_overflow_open, minmay_lair_entry_grove,
          serial_shops, shop_fountains, hangedman_minor_gate_pass, uniq_pikel,
          uniq_grum
D:10:     minmay_the_grid_octo_tiled_squarecenter
D:11:     lab_entry_generic, kb_rosetta, uniq_erica
Temple:   eino_narrow_crystal_temple
Ossuary:  ossuary_zaba_two_paths

Skill      XL: |  1  2  3  4  5  6  7  8  9 10 11 |
---------------+----------------------------------+-----
Spellcasting   | 4 5 6 8 9 11 13 14 | 14.5
Conjurations   | 2 3 |  3.0
Shields        | 1 3 4 |  4.0
Fire Magic     | 2 4 |  4.2
Dodging        | |  2.0
Stealth        | |  2.6
Summonings     | |  1.0
Translocations | |  1.0

Action                   |  1- 3 |  4- 6 |  7- 9 | 10-12 || total
-------------------------+-------+-------+-------+-------++-------
Melee: Unarmed           |    16 |       |       |       ||    16
       Constrict         |     6 |     3 |    35 |     9 ||    53
       Tentacles         |     3 |     1 |    15 |     4 ||    23
       Dagger            |       |    29 |    83 |    48 ||   160
 Cast: Magic Dart        |    80 |   113 |   138 |    74 ||   405
       Call Imp          |       |     5 |    10 |    10 ||    25
       Mephitic Cloud    |       |     5 |    19 |    23 ||    47
       Conjure Flame     |       |       |    49 |    34 ||    83
       Stone Arrow       |       |       |    36 |    76 ||   112
       Throw Flame       |       |       |    19 |    16 ||    35
       Blink             |       |       |     2 |    15 ||    17
       Fireball          |       |       |       |     4 ||     4
       Dazzling Spray    |       |       |       |    10 ||    10
  Use: Scroll            |       |     3 |     6 |     9 ||    18
       Potion            |       |       |       |    12 ||    12
 Stab: Sleeping          |     1 |       |       |       ||     1
       Distracted        |       |     1 |     1 |       ||     2
       Confused          |       |       |     2 |     3 ||     5
  Eat: Chunk             |     2 |     6 |    11 |    11 ||    30
       Ration            |       |     1 |     2 |       ||     3
Armor: Skin              |     3 |     4 |     5 |    35 ||    47
Dodge: Dodged            |    17 |    29 |    27 |    49 ||   122
Block: Buckler           |       |       |    11 |    34 ||    45

Table legend:
 A = Spawn XP
 B = Non-spawn XP
 C = Spawn XP percentage of total XP
 D = Spawn monster count
 E = Non-spawn monster count
 F = Spawn count percentage of total count
 G = Total turns spent on level
                    A         B        C        D         E        F      G
               +---------+---------+-------+---------+---------+-------+---------
         Total |       0 |   13404 |   0.0 |       0 |     281 |   0.0 | 14101
               +---------+---------+-------+---------+---------+-------+---------
           D:1 |       0 |       9 |   0.0 |       0 |       6 |   0.0 |   695
           D:2 |       0 |      98 |   0.0 |       0 |      35 |   0.0 |  1470
           D:3 |       0 |     203 |   0.0 |       0 |      13 |   0.0 |   755
           D:4 |       0 |     177 |   0.0 |       0 |      11 |   0.0 |  1483
           D:5 |       0 |    1100 |   0.0 |       0 |      22 |   0.0 |  1632
           D:6 |       0 |    1293 |   0.0 |       0 |      28 |   0.0 |  1520
           D:7 |       0 |     947 |   0.0 |       0 |      23 |   0.0 |  1355
           D:8 |       0 |    1200 |   0.0 |       0 |      20 |   0.0 |  1081
           D:9 |       0 |    5138 |   0.0 |       0 |      35 |   0.0 |  2212
          D:10 |       0 |    1876 |   0.0 |       0 |      17 |   0.0 |   652
          D:11 |       0 |    1202 |   0.0 |       0 |      13 |   0.0 |   322
       Ossuary |       0 |     161 |   0.0 |       0 |      58 |   0.0 |   730
               +---------+---------+-------+---------+---------+-------+---------
